 Dungeon Crawl Stone Soup version 0.28.0 (webtiles) character file.

Game seed: 12815983284513869146

10493 15bullets the Thaumaturge (level 11, -25/86 HPs)
             Began as a Barachi Fire Elementalist on Feb 18, 2022.
             Was an Elder of Vehumet.
             Hit by a silver javelin thrown by a minotaur (36 damage)
             ... in a Gauntlet.
             The game lasted 00:52:01 (13714 turns).

15bullets the Thaumaturge (BaFE)                   Turns: 13714, Time: 00:52:02

Health: -25/86     AC: 11    Str: 10    XL:     11   Next: 63%
Magic:  8/24       EV: 12    Int: 20    God:    Vehumet [****..]
Gold:   478        SH:  0    Dex: 16    Spells: 5/29 levels left

rFire   . . .      SeeInvis .   u - +7 rapier of Satsiugu {flame, Will+ Dex+4}
rCold   . . .      Faith    .   (no shield)
rNeg    . . .      Spirit   .   n - +0 steam dragon scales
rPois   .          Reflect  .   E - +0 helmet
rElec   .          Harm     .   A - +0 cloak
rCorr   .          Rampage  .   (no gloves)
Will    +....      NoTele   +   (no boots)
Stlth   +++.......              (no amulet)
HPRegen 0.24/turn               l - +4 ring of slaying
MPRegen 0.19/turn               f - +4 ring of protection

@: unable to hop, very slightly contaminated, slow
A: amphibious, slowness 1, strong legs 1, +LOS
a: Hop, Renounce Religion


You were in a Gauntlet.
You worshipped Vehumet.
Vehumet was greatly pleased with you.
You visited 2 branches of the dungeon, and saw 13 of its levels.
You also visited: Gauntlet.

You collected 478 gold pieces.

Inventory:

Hand Weapons
 u - the +7 rapier of Satsiugu (weapon) {flame, Will+ Dex+4}
   (You found it on level 7 of the Dungeon)

   It burns those it strikes, dealing additional fire damage.
   Dex:       It affects your dexterity (+4).
   Will:      It increases your willpower.
Missiles
 x - a curare-tipped dart
Armour
 n - +0 steam dragon scales (worn)
 p - the +0 hat of Gigeth {rC+ Str+3 Int+2}
   (You found it in a Gauntlet)

   Str:       It affects your strength (+3).
   Int:       It affects your intelligence (+2).
   rC:        It protects you from cold.
 y - an orb of mayhem
 A - a +0 cloak (worn)
 E - a +0 helmet (worn)
Jewellery
 e - a ring of willpower
 f - a +4 ring of protection (right hand)
 i - a ring of fire
 l - a +4 ring of slaying (left hand)
 o - a ring of fire
 q - a ring of protection from fire
Wands
 a - a wand of polymorph (7)
 D - a wand of flame (9)
Scrolls
 b - 2 scrolls of fog
 g - a scroll of vulnerability
 h - a scroll of silence
 j - a scroll of fear {unknown}
 k - a scroll of noise
 m - a scroll of immolation
 r - a scroll of enchant weapon
 s - a scroll of blinking
 z - a scroll of torment
 F - a scroll of amnesia {unknown}
Potions
 c - 3 potions of might
 d - 2 potions of invisibility
 t - 2 potions of mutation
 v - a potion of haste
 w - a potion of flight {unknown}
 B - 2 potions of curing
 C - a potion of lignification {unknown}
 G - 2 potions of brilliance {unknown}
 H - a potion of magic {unknown}


   Skills:
 - Level 8.0 Fighting
 - Level 2.1 Dodging
 - Level 6.0 Stealth
 + Level 9.5 Spellcasting
 + Level 7.8 Conjurations
 - Level 2.0 Transmutations
 - Level 7.0 Fire Magic
 - Level 6.0 Ice Magic
 - Level 4.0 Air Magic
 * Level 2.3 Earth Magic
 - Level 6.0 Poison Magic


You had 5 spell levels left.
You knew the following spells:

 Your Spells              Type           Power      Damage    Failure   Level
a - Foxfire               Conj/Fire      100%       2x1d9     1%          1
b - Scorch                Fire           74%        2d9       1%          2
c - Mephitic Cloud        Conj/Pois/Air  33%        N/A       1%          3
d - Ignite Poison         Fire/Tmut/Pois 29%        N/A       1%          3
e - Freezing Cloud        Conj/Ice/Air   16%        6-21      5%          5
f - Stone Arrow           Conj/Erth      58%        3d10      1%          3
g - Blink                 Tloc           18%        N/A       11%         2
h - Lee's Rapid Deconstr  Erth           9%         3d8*      21%         5

Your spell library contained the following spells:

 Spells                   Type           Power      Damage    Failure   Level
 Conjure Flame            Conj/Fire      39%        6-21      1%          3
 Inner Flame              Hex/Fire       23%        N/A       1%          3
 Flame Wave               Conj/Fire      39%        2d9       1%          4
 Beastly Appendage        Tmut           34%        N/A       3%          1
 Wereblood                Tmut           17%        N/A       4%          2
 Spider Form              Tmut/Pois      25%        N/A       4%          3
 Animate Skeleton         Necr           18%        N/A       8%          1
 Pain                     Necr           36%        1d5       8%          1
 Sublimation of Blood     Necr           9%         N/A       11%         2
 Call Canine Familiar     Summ           9%         N/A       22%         3
 Lesser Beckoning         Tloc           9%         N/A       22%         3
 Portal Projectile        Hex/Tloc       18%        N/A       22%         3
 Tukima's Dance           Hex            9%         N/A       22%         3
 Vampiric Draining        Necr           9%         2d6       22%         3
 Yara's Violent Unravell  Hex/Tmut       6%         3d5       32%         5
 Animate Armour           Summ/Erth      28%        N/A       41%         4
 Leda's Liquefaction      Hex/Erth       7%         N/A       41%         4
 Passage of Golubria      Tloc           9%         N/A       58%         4
 Manifold Assault         Tloc           9%         N/A       90%         5
 Storm Form               Tmut/Air       10%        N/A       100%        7
 Summon Hydra             Summ           4%         N/A       100%        7
 Lehudib's Crystal Spear  Conj/Erth      14%        10d5      100%        8


Dungeon Overview and Level Annotations

Branches:
Dungeon (12/15)            Temple (1/1) D:7            Lair (0/6) D:11
    Orc (0/2) D:10        Gauntlet (1/1)

Altars:
Ashenzari
Dithmenos
Elyvilon
Fedhas
Gozag
Kikubaaqudgha
Makhleb
Okawaru
Ru
Sif Muna
Trog
Uskayaw
Vehumet
Wu Jian
Xom
Zin
The Shining One

Shops:
D:5 :

Annotations:
D:2 Sigmund
D:3 exclusion: statue Gauntlet 12 transporters


Innate Abilities, Weirdness & Mutations

You are amphibious.
You cover ground slowly.
You can hop short distances.
You have an extended range of vision and can be seen from far away.


Message History

Confirm with . or Enter, or press ? or * to list all spells.
Aiming: Lee's Rapid Deconstruction (dangerous; 21% risk of failure)
Press: ? - help, Dir - move target A crystal wall.
You miscast Lee's Rapid Deconstruction.
You are very lightly contaminated with residual magic.
Nothing appears to happen.
The minotaur bellows!
Casting: Lee's Rapid Deconstruction (dangerous; 21% risk of failure)
Confirm with . or Enter, or press ? or * to list all spells.
Okay, then.
Casting: Lee's Rapid Deconstruction (dangerous; 21% risk of failure)
Confirm with . or Enter, or press ? or * to list all spells.
Flames lash the minotaur but do no damage.
Casting: Scorch (safe; 1% risk of failure)
Confirm with . or Enter, or press ? or * to list all spells.
Flames lash the minotaur.
The minotaur is lightly wounded.
The minotaur's fire resistance burns away.
Hop to where?
Press: ? - help, Dir - move target Boing!
Casting: Scorch (safe; 1% risk of failure)
Confirm with . or Enter, or press ? or * to list all spells.
You ignite the poison in your surroundings!
The minotaur throws a silver javelin.
The silver javelin pierces through you!
Casting: Ignite Poison (safe; 1% risk of failure)
Confirm with . or Enter, or press ? or * to list all spells.
Aiming: Freezing Cloud (dangerous; 5% risk of failure)
Press: ? - help, Dir - move target That beam is likely to hit you.
Continue anyway?
You are engulfed in freezing vapours.
The minotaur is no longer more vulnerable to fire.
The minotaur throws a silver javelin.
The silver javelin pierces through you!
You are engulfed in freezing vapours.
You are engulfed in freezing vapours.
* * * LOW HITPOINT WARNING * * *
The minotaur throws a silver javelin.
The silver javelin pierces through you!!!
You die...

#5©...p#.#....©....#.#2.[.©)!..#.
########.###########.###########.
.................................
...................§∩§...........
#################################
#8# #8# #8##≈...............≈##8#
### ### ####8..©.©.©.©.©.©..8####
#≈...............§#
#####@###.###.#####
###§###.###.### #.§§§§§☼......#
#.###○###.###.# #.###H###.###.#
#.............# #######'#######
... .###


You could see a minotaur and a balrug.

Vanquished Creatures
  A two-headed ogre (D:10)
  A sixfirhy (Gauntlet)
  A cyclops (D:12)
  An apocalypse crab (Gauntlet)
  3 trolls
  A shadow (D:11)
  7 yaks
  2 steam dragons
  Menkaure (D:6)
  4 water moccasins
  5 black bears
  3 orc warriors (D:8)
  2 sky beasts
  A hornet zombie (D:5)
  2 necrophages
  6 ogres
  6 centaurs
  A phantom (D:4)
  A kobold brigand (D:8)
  3 bullfrogs
  2 gnoll sergeants (D:9)
  3 scorpions
  A water moccasin zombie (D:5)
  A water moccasin skeleton (D:6)
  7 killer bees
  10 wights
  7 howler monkeys
  7 centaur zombies
  2 bullfrog skeletons
  A centaur skeleton (D:5)
  A gnoll shaman (D:8)
  3 orc priests
  7 hounds
  3 iguanas
  6 orc wizards
  13 gnolls
  A howler monkey skeleton (D:6)
  11 adders
  4 white imps (Gauntlet)
  5 ufetubi
  An adder skeleton (D:4)
  3 worms
  4 dart slugs
  29 orcs
  3 ball pythons
  7 bats
  5 endoplasms
  7 giant cockroaches
  3 hobgoblins
  8 jackals
  10 kobolds
  A quokka (D:3)
  4 frilled lizards
  3 goblins (D:1)
  4 rats
  2 rat zombies (D:6)
  A foxfire (D:10)
242 creatures vanquished.

Vanquished Creatures (collateral kills)
  15 foxfires
15 creatures vanquished.

Vanquished Creatures (others)
  An orc (D:6)
  14 demonic plants (Gauntlet)
  964 foxfires
  48 fungi (D:11)
  54 plants
1081 creatures vanquished.

Grand Total: 1338 creatures vanquished

Notes
Turn   | Place    | Note
-------+----------+-------------------------------------------
     0 | D:1      | 15bullets the Barachi Fire Elementalist began the quest for
                  | the Orb.
     0 | D:1      | Reached XP level 1. HP: 13/13 MP: 3/3
   477 | D:1      | Reached skill level 1 in Fighting
   477 | D:1      | Reached XP level 2. HP: 21/21 MP: 0/5
   673 | D:1      | Learned a level 2 spell: Scorch
   931 | D:1      | Reached XP level 3. HP: 27/27 MP: 2/6
  1847 | D:2      | Found a glowing golden altar of the Shining One.
  1883 | D:2      | Noticed Sigmund
  2115 | D:2      | Reached XP level 4. HP: 34/34 MP: 6/8
  2119 | D:2      | Learned a level 3 spell: Mephitic Cloud
  2578 | D:3      | Reached skill level 3 in Spellcasting
  2776 | D:3      | Found an ornate altar of the Wu Jian Council.
  2913 | D:3      | Reached XP level 5. HP: 41/41 MP: 0/9
  2987 | D:3      | Found an iron altar of Okawaru.
  3229 | D:3      | Found a radiant altar of Vehumet.
  3229 | D:3      | Noticed a charred statue
  3235 | D:3      | Became a worshipper of Vehumet
  3503 | D:3      | Learned a level 3 spell: Ignite Poison
  3633 | D:4      | Found a shimmering blue altar of Sif Muna.
  3638 | D:4      | Reached XP level 6. HP: 47/47 MP: 7/11
  3753 | D:4      | Reached skill level 1 in Poison Magic
  4036 | D:4      | Reached * piety under Vehumet
  4036 | D:4      | Offered knowledge of Magic Dart by Vehumet.
  4166 | D:4      | Found a sacrificial altar of Ru.
  4231 | D:4      | Found a broken altar of Ashenzari.
  4367 | D:4      | Reached skill level 4 in Spellcasting
  4367 | D:4      | Reached XP level 7. HP: 54/54 MP: 5/13
  4548 | D:5      | Entered Level 5 of the Dungeon
  4564 | D:5      | Reached skill level 5 in Fire Magic
  4829 | D:5      | Reached skill level 5 in Fighting
  5033 | D:5      | Reached XP level 8. HP: 62/62 MP: 6/15
  5341 | D:5      | Reached skill level 5 in Spellcasting
  5466 | D:5      | Found Noym's Book Emporium.
  5534 | D:5      | Found a white marble altar of Elyvilon.
  6027 | D:6      | Reached XP level 9. HP: 71/71 MP: 11/17
  6086 | D:6      | Reached ** piety under Vehumet
  6090 | D:6      | Found an ancient bone altar of Kikubaaqudgha.
  6146 | D:6      | Noticed Menkaure
  6159 | D:6      | Killed Menkaure
  6272 | D:6      | Offered knowledge of Sandblast by Vehumet.
  6273 | D:6      | Reached skill level 6 in Spellcasting
  6273 | D:6      | Reached skill level 5 in Poison Magic
  6924 | D:7      | Found a staircase to the Ecumenical Temple.
  7202 | D:7      | Found a burning altar of Makhleb.
  7208 | D:7      | Found a glowing silver altar of Zin.
  7208 | D:7      | Noticed a green death
  7208 | D:7      | Noticed an angel
  7373 | D:7      | Reached skill level 5 in Conjurations
  7509 | D:7      | Reached skill level 1 in Transmutations
  7509 | D:7      | Reached skill level 1 in Air Magic
  7528 | D:7      | Identified the +7 rapier of Satsiugu {flame, Will+ Dex+4}
  7611 | D:7      | Noticed a troll
  7622 | D:7      | Killed a troll
  7623 | D:7      | Reached skill level 7 in Spellcasting
  7911 | D:7      | Reached XP level 10. HP: 80/80 MP: 16/20
  7918 | Temple   | Entered the Ecumenical Temple
  8012 | D:8      | Offered knowledge of Dazzling Flash by Vehumet.
  8524 | D:8      | Reached *** piety under Vehumet
  8658 | D:8      | Found an opulent altar of Gozag.
  8802 | D:8      | Found a hide-covered altar of Uskayaw.
  8990 | D:8      | Found a shimmering altar of Xom.
  8999 | D:8      | Found a blossoming altar of Fedhas.
  9037 | D:8      | Offered knowledge of Fulminant Prism by Vehumet.
  9570 | D:9      | Reached skill level 8 in Spellcasting
  9701 | D:9      | Learned a level 5 spell: Freezing Cloud
  9711 | D:9      | Reached skill level 1 in Ice Magic
  9785 | D:9      | Found a bloodstained altar of Trog.
 10107 | D:9      | Found a glowing golden altar of the Shining One.
 10120 | D:9      | Learned a level 3 spell: Stone Arrow
 10531 | D:10     | Entered Level 10 of the Dungeon
 10543 | D:10     | Found a shadowy altar of Dithmenos.
 10828 | D:10     | Reached **** piety under Vehumet
 10941 | D:10     | Noticed a two-headed ogre
 10958 | D:10     | Killed a two-headed ogre
 10959 | D:10     | Reached XP level 11. HP: 86/86 MP: 8/23
 11149 | D:10     | Reached skill level 5 in Ice Magic
 11157 | D:10     | Reached skill level 9 in Spellcasting
 11327 | D:10     | Found a staircase to the Orcish Mines.
 11823 | D:11     | Noticed a skeletal warrior
 11825 | D:11     | Noticed a skeletal warrior
 11861 | D:10     | Offered knowledge of Lee's Rapid Deconstruction by Vehumet.
 11966 | D:11     | Reached skill level 5 in Stealth
 12600 | D:11     | Found a staircase to the Lair.
 12602 | D:11     | Noticed a skeletal warrior
 12738 | D:12     | Found a gate leading to a gauntlet.
 12738 | D:12     | Noticed a cyclops
 12751 | D:12     | Killed a cyclops
 12770 | Gauntlet | Entered a Gauntlet
 12770 | Gauntlet | Found a transporter.
 12789 | Gauntlet | Noticed a sixfirhy
 12953 | Gauntlet | Found a transporter.
 12968 | Gauntlet | Found a transporter.
 12970 | Gauntlet | Noticed a necromancer
 12971 | Gauntlet | Noticed a necromancer
 12973 | Gauntlet | Found a transporter.
 12973 | Gauntlet | Noticed a death yak
 12973 | Gauntlet | Noticed a death yak
 12974 | Gauntlet | Noticed a death yak
 12976 | Gauntlet | Noticed a death yak
 12978 | Gauntlet | Noticed a death yak
 12988 | Gauntlet | Found a transporter.
 13007 | Gauntlet | Found a transporter.
 13008 | Gauntlet | Noticed a death yak
 13009 | Gauntlet | Noticed a death yak
 13009 | Gauntlet | Noticed a death yak
 13010 | Gauntlet | Noticed a death yak
 13014 | Gauntlet | Noticed a death yak
 13014 | Gauntlet | Noticed a death yak
 13027 | Gauntlet | Noticed a balrug
 13031 | Gauntlet | Found a transporter.
 13043 | Gauntlet | Found a transporter.
 13048 | Gauntlet | Found a transporter.
 13051 | Gauntlet | Found a transporter.
 13052 | Gauntlet | Found a transporter.
 13071 | Gauntlet | Noticed a wizard
 13073 | Gauntlet | Found a transporter.
 13074 | Gauntlet | Noticed a wizard
 13085 | Gauntlet | Found a transporter.
 13087 | Gauntlet | Noticed a hell beast
 13102 | Gauntlet | Found a transporter.
 13119 | Gauntlet | Found a transporter.
 13121 | Gauntlet | Found a transporter.
 13156 | Gauntlet | Found a transporter.
 13191 | Gauntlet | Learned a level 2 spell: Blink
 13200 | Gauntlet | Killed a sixfirhy
 13201 | Gauntlet | Reached skill level 1 in Earth Magic
 13212 | Gauntlet | Found a transporter.
 13332 | Gauntlet | HP: 1/86 [ice devil (18)]
 13595 | Gauntlet | Identified the +0 hat of Gigeth {rC+ Str+3 Int+2}
 13696 | Gauntlet | Learned a level 5 spell: Lee's Rapid Deconstruction
 13705 | Gauntlet | Identified the +5 lajatang of Disgust {protect, rPois}
 13705 | Gauntlet | Identified the ring "Cuseoroeli" {rN+++ MP-9 SInv}
 13705 | Gauntlet | Noticed a minotaur
 13714 | Gauntlet | Hit by a silver javelin thrown by a minotaur

Illustrated notes

Levels and vault maps discovered:
D:1:      psy_arrival_terrarium, layout_loops_ring,
          corexii_item_surrounded_by_moat
D:2:      layout_basic, basic_altar, due_unseen_surprise, uniq_sigmund
D:3:      layout_basic, vehumet_statue, lemuel_crystal_altar, okawaru_trees_1
D:4:      layout_cave_pools, lemuel_round_altar, nicolae_sif_muna_condensation,
          serial_park, serial_park_square1 [serial_park_minivault_5x5_4],
          serial_park_gazebo [serial_park_minivault_5x5_5], serial_park_tiny_2
D:5:      layout_gridville, nicolae_elyvilon_temple_path, serial_shops, shop
D:6:      layout_rooms, lemuel_zombie_altar_kikubaaqudgha, st_stairs_7,
          uniq_menkaure
D:7:      layout_layer_cave, grunt_temple_overflow_order_and_chaos_2,
          minmay_temple_entry_glass
D:8:      layout_basic, lemuel_doored_altar, mainiacjoe_overflow_cross_hatched,
          mainiacjoe_overflow_swirl, nicolae_wwwww
D:9:      layout_rooms, mainiacjoe_overflow_small_starburst,
          lightli_temple_of_fire
D:10:     layout_long_grid, nicolae_dithmenos_the_darkroom, orc_0_dummy,
          st_stairs_4
D:11:     layout_loops_cross, due_lair_maze_entry_diamond, serial_shops,
          nicolae_shop_bloodbath_and_beyond, enter_trove_5,
          kennysheep_generic_room_9
D:12:     layout_basic, gauntlet_entry_generic
Temple:   corrupted_temple
Gauntlet: gammafunk_gauntlet_one_two_three
          [gammafunk_gauntlet_arena_arrow_garden,
          gammafunk_gauntlet_arena_crates, nicolae_gauntlet_arena_grate_2,
          nicolae_gauntlet_arena_quarters, nicolae_gauntlet_arena_t_cross,
          nicolae_gauntlet_arena_blocks, gammafunk_gauntlet_arena_corners,
          nicolae_gauntlet_swirl, gammafunk_gauntlet_arena_teeth,
          gauntlet_exit_watery]

Skill      XL: |  1  2  3  4  5  6  7  8  9 10 11 |
---------------+----------------------------------+-----
Stealth        | 2 3 6 |  6.0
Fighting       | 1 2 3 4 5 6 8 |  8.0
Conjurations   | 2 3 4 5 6 7 |  7.8
Spellcasting   | 3 4 5 7 8 9 |  9.5
Fire Magic     | 4 5 6 7 |  7.0
Poison Magic   | 2 3 4 6 |  6.0
Transmutations | 2 |  2.0
Air Magic      | 2 4 |  4.0
Ice Magic      | 4 6 |  6.0
Earth Magic    | 2 |  2.3
Dodging        | |  2.1

Action                   |  1- 3 |  4- 6 |  7- 9 | 10-12 || total
-------------------------+-------+-------+-------+-------++-------
Melee: Unarmed           |    15 |       |       |       ||    15
       Dagger            |    24 |    10 |     1 |       ||    35
       Punch             |     1 |       |       |     1 ||     2
       Rapier            |       |       |       |    12 ||    12
 Cast: Foxfire           |    68 |   107 |   180 |   227 ||   582
       Scorch            |     1 |    10 |    29 |    32 ||    72
       Stone Arrow       |       |       |       |    53 ||    53
       Mephitic Cloud    |       |       |       |    18 ||    18
       Ignite Poison     |       |       |       |    14 ||    14
       Freezing Cloud    |       |       |       |     4 ||     4
       Blink             |       |       |       |     1 ||     1
 Abil: Hop               |     2 |     2 |     2 |    16 ||    22
  Use: Scroll            |     2 |     1 |     3 |    12 ||    18
       Potion            |       |     3 |       |     1 ||     4
 Stab: Sleeping          |       |       |       |     2 ||     2
Armor: Robe              |     6 |     2 |       |       ||     8
       Steam dragon scal |       |       |     4 |    22 ||    26
Dodge: Dodged            |    27 |    16 |     8 |    67 ||   118
